 Dungeon Crawl Stone Soup version 0.30-a0-321-gf7783e6616 (webtiles) character file.

Game seed: 8111812758099664167

2 Bnni the Shield-Bearer (level 1, 18/18 HPs)
             Began as a Formicid Fighter on Oct 27, 2022.
             Was a Follower of Kikubaaqudgha.
             Quit the game on level 1 of the Dungeon.
             The game lasted 00:00:25 (89 turns).

Bnni the Shield-Bearer (Formicid Fighter)             Turns: 89, Time: 00:00:25

Health: 18/18      AC:  6    Str: 20    XL:     1   Next: 44%
Magic:  1/1        EV: 13    Int:  7    God:    Kikubaaqudgha [*.....]
Gold:   18         SH:  5    Dex: 13    Spells: 0/0 levels left

rFire   . . .      SeeInvis +    a - +0 war axe
rCold   . . .      Faith    .    c - +0 buckler
rNeg    . . .      Spirit   .    b - +0 scale mail
rPois   .          Reflect  .    (helmet unavailable)
rElec   .          Harm     .    (no cloak)
rCorr   .          Rampage  .    (no gloves)
Will    .....                    (no boots)
Stlth   ..........               (no amulet)
HPRegen 0.23/turn                h - +4 ring of evasion
MPRegen 0.07/turn                (no ring)

@: no status effects
A: permanent stasis, dig shafts and tunnels, antennae 3, four strong arms
a: Dig, Shaft Self, Renounce Religion, Unearth Wretches


You were on level 1 of the Dungeon.
You worshipped Kikubaaqudgha.
Kikubaaqudgha was aware of your devotion.
You visited 1 branch of the dungeon, and saw 1 of its levels.

You collected 18 gold pieces.

Inventory:

Hand Weapons
 a - a +0 war axe (weapon)
Armour
 b - a +0 scale mail (worn)
 c - a +0 buckler (worn)
Jewellery
 h - a +4 ring of evasion (left hand)
Scrolls
 e - a scroll of teleportation {unknown}
 g - a scroll of identify {unknown}
Potions
 d - a potion of might
 f - a potion of mutation {unknown}


   Skills:
 + Level 3.3 Fighting
 * Level 2.1 Axes
 - Level 3.2 Armour
 * Level 4.1 Shields


You couldn't memorise any spells.
You didn't know any spells.
Your spell library contained the following spells:

 Spells                   Type           Power      Damage    Failure   Level
 Necrotise                Necr           0%         1d4       85%         1
 Cigotuvi's Dreadful Rot  Necr/Pois/Air  0%         N/A       94%         2
 Sublimation of Blood     Necr           0%         N/A       94%         2
 Animate Dead             Necr           0%         N/A       100%        4


Dungeon Overview and Level Annotations

Branches:
Dungeon (1/15)

Altars:
Kikubaaqudgha


Innate Abilities, Weirdness & Mutations

You cannot be hasted, slowed, berserked, paralysed or teleported.
You can dig through walls and to a lower floor.
You have a pair of large antennae on your head. (SInv)
Your four strong arms can wield two-handed weapons with a shield.


Message History

You see here a +4 ring of evasion.
h - a +4 ring of evasion
h - a +4 ring of evasion (left hand)
You enter the shallow water.
Moving in this stuff is going to be slow.
A kobold comes into view. It is wielding a +0 dagger.
Found a scroll labelled NOWKUXIYHA.
The kobold shouts!
A hobgoblin comes into view.
You barely miss the rat.
The hobgoblin shouts!
You hit the fungus.
The fungus begins to die.
You hit the fungus.
The fungus begins to die.
The rat bites you but does no damage.
Your unstable footing causes you to fumble your attack.
The rat splashes around in the water.
You slash the rat!
You kill the rat!
You slash the fungus! You hit the fungus.
A nearby fungus withers and dies. x2
You slash the kobold!
You kill the kobold!
You hear a splash.
You block the hobgoblin's attack.
You see here a +0 dagger.
You hit the hobgoblin.
The hobgoblin is moderately wounded.
You block the hobgoblin's attack.
You hit the hobgoblin.
The hobgoblin is severely wounded.
The hobgoblin misses you. The hobgoblin barely misses you.
You slash the hobgoblin!
You kill the hobgoblin!
No target in view!
There is a faded altar of an unknown god here.
This altar belongs to (a) Nemelex Xobeh, (b) Okawaru or (c) Kikubaaqudgha, but you can't tell which.
Press the corresponding letter to learn more about a god, or press enter to convert or escape to cancel.
Kikubaaqudgha accepts your prayer! Kikubaaqudgha welcomes you!
You can now bring forth the wretched and dying.
Kikubaaqudgha grants you a gift!
You add the spells Necrotise, Cigotuvi's Dreadful Rot, Sublimation of Blood and Animate Dead to your library.
Are you sure you want to abandon this character and quit the game? (Confirm with "yes".)

...... # ......
...... .##......
...... ..#.......
......##.........
.................
###.⌠P~~⌠~~~†.......
....P..?.P.)........
#..~.####.~........
#..⌠P#@...~........
#..⌠.####.P.#.####
#..⌠P....[~...#
#.~~⌠~.⌠~⌠..##
#..........##
#####...#### { #.#'#
#..#.#
#######'#######


There were no monsters in sight!

Vanquished Creatures
  A hobgoblin (D:1)
  A kobold (D:1)
  A rat (D:1)
3 creatures vanquished.

Vanquished Creatures (others)
  2 fungi (D:1)
2 creatures vanquished.

Grand Total: 5 creatures vanquished

Notes
Turn   | Place    | Note
-------+----------+-------------------------------------------
     0 | D:1      | Bnni the Formicid Fighter began the quest for the Orb.
     0 | D:1      | Reached XP level 1. HP: 18/18 MP: 1/1
    70 | D:1      | Found a faded altar of an unknown god.
    88 | D:1      | Prayed at the altar of an unknown god.
    88 | D:1      | Became a worshipper of Kikubaaqudgha
    88 | D:1      | Reached * piety under Kikubaaqudgha
    88 | D:1      | Received a gift from Kikubaaqudgha
    89 | D:1      | Quit the game

Illustrated notes

Levels and vault maps discovered:
D:1:      matt_arrival_los_fun, layout_rooms,
          shapermc_ecumenical_altar_acropolis

Action                   || total
-------------------------++-------
Melee: War axe           ||     7
Armor: Scale mail        ||     1
Dodge: Dodged            ||     2
Block: Buckler           ||     2

Table legend: (Time is in decaauts)
 A = Elapsed time spent in this place.
 B = Non-inter-level travel time spent in this place.
 C = Inter-level travel time spent in this place.
 D = Time resting spent in this place.
 E = Time spent auto-exploring this place.
 F = Levels seen in this place.
 G = Mean time per level.
                   A        B        C        D        E       F      G
               +--------+--------+--------+--------+--------+-----+--------+
         Total |     93 |     93 |      0 |      0 |     61 |   1 |   93.0 |
       Dungeon |     93 |     93 |      0 |      0 |     61 |   1 |   93.0 |
               +--------+--------+--------+--------+--------+-----+--------+

Top non-repeatable levels by time:
     D:1: 93 daAuts
